 Dungeon Crawl Stone Soup version 0.14-a0-1844-g8283a67 (webtiles) character file.

139 Piginabag the Skirmisher (level 3, -3/34 HPs)
             Began as a Naga Fighter on Jan 11, 2014.
             Was an Initiate of Cheibriados.
             Slain by Restia's ghost (10 damage)
             ... on Level 3 of the Dungeon.
             The game lasted 00:02:23 (1278 turns).

Piginabag the Skirmisher (Naga Fighter)             Turns: 1278, Time: 00:02:24

HP  -3/34        AC  5     Str 20      XL: 3   Next: 87%
MP   3/3         EV  5     Int  9      God: Cheibriados [......]
Gold 86          SH 18     Dex 11      Spells:  0 memorised,  2 levels left

rFire  . . .     SeeInvis +     a - +0 mace
rCold  . . .     Clarity  .     b - +0 scale mail
rNeg   . . .     Conserve .     c - +0 shield
rPois  +         rCorr    .     (no helmet)
rElec  .         rRot     .     e - +0 elf cloak
SustAb . .       Spirit   .     (no gloves)
rMut   .         Warding  .     (no barding)
Saprov . . .     Stasis   .     (no amulet)
                                (no ring)
                                (no ring)

@: very slow, slightly resistant to hostile enchantments, extremely unstealthy
A: spit poison, see invisible, deformed body, poison resistance, slowness 2, AC
+1
a: Spit Poison, Bend Time, Renounce Religion


You were on level 3 of the Dungeon.
You worshipped Cheibriados.
Cheibriados was noncommittal.
You were very hungry.

You visited 1 branch of the dungeon, and saw 3 of its levels.

You collected 86 gold pieces.

Inventory:

Hand weapons
 a - a +0,+0 mace (weapon)
Armour
 b - a +0 scale mail (worn)
 c - a +0 shield (worn)
 e - a +0 elven cloak (worn)
Comestibles
 d - 2 bread rations
 f - a choko
 o - a pear
 r - a rotting chunk of hobgoblin flesh
 s - a meat ration
Scrolls
 g - 2 scrolls of teleportation {unknown}
 j - a scroll of amnesia {unknown}
 k - a scroll of identify {unknown}
 m - 2 scrolls of remove curse {unknown}
 u - a scroll of blinking {unknown}
Potions
 h - a potion of degeneration {unknown}
 i - 6 potions of heal wounds {unknown}
 l - a potion of lignification {unknown}
 n - a potion of paralysis {unknown}
 p - a potion of agility {unknown}
 q - a potion of mutation {unknown}
 t - a potion of flight {unknown}


   Skills:
 + Level 3.1 Fighting
 + Level 2.2 Maces & Flails
 + Level 3.0 Armour
 + Level 0.5 Dodging
 + Level 0.4 Stealth
 + Level 2.9 Shields


You had 2 spell levels left.
You didn't know any spells.

Dungeon Overview and Level Annotations

Branches:
Dungeon (3/16)

Altars:
Cheibriados
Kikubaaqudgha
Makhleb

Annotations:
D:2 Sigmund
D:3 Restia's ghost, weakling MiFi


Innate Abilities, Weirdness & Mutations

You cannot wear boots.
You can spit poison.
Your serpentine skin is tough (AC +1).
You have supernaturally acute eyesight.
Armour fits poorly on your strangely shaped body.
Your system is resistant to poisons.
You cover ground very slowly.


Message History

Press: ? - help, Shift-Dir - straight line, f - Restia's ghost
Aim: Restia's ghost The splash of poison misses Restia's ghost.
You are feeling very hungry.
Restia's ghost barely misses you.
Your scale mail prevents you from hitting Restia's ghost.
Restia's ghost hits you!
You are electrocuted!
* * * LOW HITPOINT WARNING * * *
You are too injured to fight recklessly!
You block Restia's ghost's attack.
You have got your breath back.
You block Restia's ghost's attack.
Restia's ghost wails, "What do you have that I didn't have?"
Restia's ghost barely misses you. Restia's ghost closely misses you.
Restia's ghost says very slowly, "There's no hope."
Restia's ghost hits you.
* * * LOW HITPOINT WARNING * * *
You are electrocuted!
You die...

#.# #............ #.#
############# #.#
###### #.# #..... #.#
#..... #.# #..... #.#
#.....
#.####################
#....@p...............
######################
# #


You could see Restia's ghost.

Vanquished Creatures
  An adder (D:3)
  A worm (D:2)
  A giant gecko (D:1)
  A ball python (D:1)
  A bat zombie (D:3)
  3 goblins (D:1)
  7 hobgoblins
  6 jackals
  3 giant cockroaches (D:1)
  A giant newt (D:1)
  4 kobolds
  4 rats
  2 rat zombies (D:3)
35 creatures vanquished.

Notes
Turn   | Place    | Note
--------------------------------------------------------------
     0 | D:1      | Piginabag, the Naga Fighter, began the quest for the Orb.
     0 | D:1      | Reached XP level 1. HP: 21/21 MP: 1/1
     1 | D:1      | Upgraded the game from 0.14-a0-1837-g7fb8695 to 0.14-a0-1844-g8283a67
   207 | D:1      | Reached XP level 2. HP: 12/28 MP: 2/2
   656 | D:1      | Reached XP level 3. HP: 26/34 MP: 3/3
   962 | D:2      | Noticed Sigmund
  1012 | D:3      | Found a snail-covered altar of Cheibriados.
  1016 | D:3      | Became a worshipper of Cheibriados the Contemplative
  1056 | D:3      | Found a burning altar of Makhleb.
  1204 | D:3      | Found an ancient bone altar of Kikubaaqudgha.
  1268 | D:3      | Noticed Restia's ghost (weakling MiFi)
  1278 | D:3      | Slain by Restia's ghost

Action                   || total
-------------------------++-------
Melee: Mace              ||   113
 Abil: Spit Poison       ||     3
